 Dungeon Crawl Stone Soup version 0.29.1-2-gbd0b4ee654 (webtiles) character file.

Game seed: 1952186723428336562

158 mortz the Chopper (level 5, -1/49 HPs)
             Began as a Hill Orc Monk on Nov 21, 2022.
             Was a Believer of Beogh.
             Killed by nerve-wracking pain
             ... invoked by an orc priest
              (13 damage)
             ... on level 4 of the Dungeon.
             The game lasted 00:11:54 (3553 turns).

mortz the Chopper (Hill Orc Monk)                   Turns: 3553, Time: 00:11:54

Health: -1/49      AC:  5    Str: 20    XL:     5   Next: 39%
Magic:  5/5        EV: 11    Int: 10    God:    Beogh [**....]
Gold:   102        SH:  0    Dex: 13    Spells: 4/4 levels left

rFire   + . .      SeeInvis .   y - +2 falchion of Ru's Outrage {drain, Str+4}
rCold   + . .      Faith    .   (no shield)
rNeg    . . .      Spirit   .   n - +0 ring mail
rPois   .          Reflect  .   (no helmet)
rElec   .          Harm     .   (no cloak)
rCorr   .          Rampage  .   (no gloves)
Will    .....                   (no boots)
Stlth   +.........              (no amulet)
HPRegen 0.16/turn               h - ring of protection from cold
MPRegen 0.09/turn               u - ring of protection from fire

@: no status effects
A: no striking features
a: Renounce Religion, Smiting


You were on level 4 of the Dungeon.
You worshipped Beogh.
Beogh was pleased with you.
You visited 1 branch of the dungeon, and saw 4 of its levels.

You collected 102 gold pieces.

Inventory:

Hand Weapons
 a - a +0 hand axe
 d - a +1 falchion of holy wrath
 o - a +0 flail of protection
 w - a +0 war axe
 y - the +2 falchion of Ru's Outrage (weapon) {drain, Str+4}
   (You found it on level 3 of the Dungeon)

   A truly terrible weapon, it drains the life of any living foe it strikes.
   Str:       It affects your strength (+4).
 E - a +1 vorpal mace
 F - a +0 dagger of freezing
Missiles
 f - 37 stones
 i - 6 silver javelins
 p - 3 boomerangs (quivered)
 q - 2 poisoned darts
Armour
 n - a +0 ring mail (worn)
Magical Staves
 j - a staff of cold
Jewellery
 h - a ring of protection from cold (left hand)
 u - a ring of protection from fire (right hand)
Wands
 x - a wand of polymorph (7)
Scrolls
 b - a scroll of torment {unknown}
 k - a scroll of teleportation {unknown}
 l - a scroll of silence {unknown}
 m - 5 scrolls of identify {unknown}
 r - a scroll of enchant weapon {unknown}
 v - a scroll of noise {unknown}
 A - 3 scrolls of immolation {unknown}
 D - a scroll of poison {unknown}
Potions
 c - 3 potions of ambrosia
 e - 2 potions of mutation {unknown}
 g - 2 potions of degeneration {unknown}
 s - 3 potions of attraction {unknown}
 t - a potion of flight {unknown}
 z - a potion of brilliance {unknown}
 B - a potion of heal wounds {unknown}
 C - a potion of berserk rage {unknown}


   Skills:
 + Level 5.6 Fighting
 + Level 6.2 Axes
 - Level 2.4 Dodging
 - Level 1.5 Stealth


You had 4 spell levels left.
You didn't know any spells.
Your spell library was empty.

Dungeon Overview and Level Annotations

Branches:
Dungeon (4/15) Zot: 20367
 Temple: D:4-7

Altars:


Message History

You slash the orc!
You kill the orc!
Beogh accepts your kill.
You barely miss the orc priest.
The orc priest hits you with a +0 dagger.
You barely miss the orc priest.
The orc priest hits you with a +0 dagger.
You hit the orc priest but do no damage.
The orc priest barely misses you.
You barely miss the orc priest.
The orc priest mumbles some strange prayers to Beogh against you.
Beogh smites you!
You are too injured to fight recklessly!
You are too injured to fight recklessly!
You are too injured to fight recklessly!
You hit the orc priest.
The orc priest is moderately wounded.
The orc priest closely misses you. The orc priest completely misses you.
You slash the orc priest!
The orc priest is almost dead.
The orc priest barely misses you.
You closely miss the orc priest.
The orc priest is almost dead.
You closely miss the orc priest.
The orc priest is almost dead.
The orc priest hits you with a +0 dagger.
You barely miss the orc priest.
The orc priest is almost dead.
The orc priest misses you.
The orc priest hits you with a +0 dagger.
* * * LOW HITPOINT WARNING * * *
You barely miss the orc priest.
The orc priest is almost dead.
The orc priest hits you with a +0 dagger.
* * * LOW HITPOINT WARNING * * *
The orc priest looks encouraged for a moment.
The orc priest invokes the aid of Beogh against you.
Pain shoots through your body!
You die...
Beogh appreciates the orc priest's killing of a heretic priest.

.#oo.. #..S.#.
###.......
#o......#
#o#.....#
#o#.....#
#.#.....#
#.#.....#
#@#......#
###.######.#
#...# .# #.###
#.# ......
#.######.#.#.#
#.<[.....#...#
######......#
#.......#


You could see an orc priest and 2 orcs.

Vanquished Creatures
  An orc priest (D:4)
  An orc wizard (D:4)
  Natasha (D:2)
  2 worms (D:2)
  A dart slug (D:1)
  8 orcs
  4 ball pythons
  6 bats
  6 endoplasms
  3 giant cockroaches
  A goblin (D:2)
  10 hobgoblins
  4 quokkas
  2 frilled lizards
  9 kobolds
  3 rats
62 creatures vanquished.

Vanquished Creatures (others)
  An adder (D:3)
  6 plants (D:1)
7 creatures vanquished.

Grand Total: 69 creatures vanquished

Notes
Turn   | Place    | Note
-------+----------+-------------------------------------------
     0 | D:1      | mortz the Hill Orc Monk began the quest for the Orb.
     0 | D:1      | Reached XP level 1. HP: 19/19 MP: 1/1
   176 | D:1      | Reached XP level 2. HP: 24/27 MP: 2/2
   763 | D:1      | Reached XP level 3. HP: 33/34 MP: 3/3
   817 | D:1      | Found a faded altar of an unknown god.
  1512 | D:2      | Reached skill level 5 in Axes
  1948 | D:2      | Noticed Natasha
  1960 | D:2      | Killed Natasha
  1961 | D:2      | Reached XP level 4. HP: 28/41 MP: 4/4
  2343 | D:3      | Reached skill level 5 in Fighting
  2549 | D:3      | Became a worshipper of Beogh the Brigand
  2549 | D:3      | Reached * piety under Beogh
  2549 | D:3      | Reached ** piety under Beogh
  2635 | D:3      | Identified the +2 falchion of Ru's Outrage {drain, Str+4}
  3440 | D:4      | Reached skill level 6 in Axes
  3440 | D:4      | Reached XP level 5. HP: 39/48 MP: 5/5
  3553 | D:4      | Killed from afar by an orc priest

Illustrated notes

Levels and vault maps discovered:
D:1:      kennysheep_arrival_forest, layout_loops_corners,
          hellmonk_ecumenical_altar_inner_sanctum, serial_bayou_crossing
D:2:      layout_loops_cross, chequers_serial_rivers_small_a,
          grunt_decor_arrowhead, uniq_natasha
D:3:      minmay_angry_zag, layout_basic
D:4:      layout_basic, mainiacjoe_overflow_24_doors, temple_statues,
          serial_shops, nicolae_shop_hallway_plus

Skill      XL: |  1  2  3  4 |
---------------+-------------+-----
Fighting       | 4 5 |  5.6
Axes           | 5 6 |  6.2
Dodging        | |  2.4
Stealth        | |  1.5

Action                   |  1- 3 |  4- 6 || total
-------------------------+-------+-------++-------
Melee: Falchion          |   108 |    38 ||   146
       War axe           |       |    59 ||    59
Throw: Stone             |     9 |       ||     9
       Boomerang         |    16 |     1 ||    17
Invok: Convert to Beogh  |       |     1 ||     1
 Stab: Sleeping          |     7 |     1 ||     8
Armor: Robe              |    11 |       ||    11
       Ring mail         |    20 |    30 ||    50
Dodge: Dodged            |    54 |    51 ||   105
